 Dungeon Crawl Stone Soup version 0.22.0-38-g04b72b8 (webtiles) character file.

490 DrakeDragon the Insei (level 7, -6/50 HPs)
             Began as a Merfolk Transmuter on Aug 31, 2018.
             Was a Follower of Okawaru.
             Splashed by Ijyb's acid (11 damage)
             ... on level 5 of the Dungeon.
             The game lasted 00:21:13 (4848 turns).

DrakeDragon the Insei (Merfolk Transmuter)          Turns: 4848, Time: 00:21:14

Health: -6/50      AC: -2    Str: 10    XL:     7   Next: 14%
Magic:  3/11       EV: 22    Int: 14    God:    Okawaru [*.....]
Gold:   266        SH:  0    Dex: 20    Spells: 2/12 levels left

rFire    . . .     SeeInvis .     - Unarmed
rCold    . . .     Gourm    .   (shield currently unavailable)
rNeg     . . .     Faith    .   (armour currently unavailable)
rPois    x         Spirit   .   (helmet currently unavailable)
rElec    .         Reflect  .   (cloak currently unavailable)
rCorr    .         Harm     .   (gloves currently unavailable)
MR       .....                  (boots currently unavailable)
Stlth    ++........             (no amulet)
HPRegen  0.16/turn              (no ring)
MPRegen  0.12/turn              (no ring)

@: spider-form, corroded
A: tiny, (change form in water), (swift swim), (stealthy swim)
a: End Transformation, Heroism, Renounce Religion


You were on level 5 of the Dungeon.
You worshipped Okawaru.
Okawaru was aware of your devotion.
You were not hungry.
You were a venomous arachnid creature.
You visited 1 branch of the dungeon, and saw 5 of its levels.

You collected 266 gold pieces.

Inventory:

Missiles
 a - 48 arrows
Armour
 b - a +0 robe (melded)
Scrolls
 c - a scroll of blinking {unknown}
 g - 2 scrolls of amnesia
 j - 2 scrolls of remove curse {@r2}
 o - a scroll of fog {unknown}
 p - 2 scrolls of enchant armour {unknown}
 q - a scroll of random uselessness {unknown}
 r - a scroll of magic mapping {unknown}
 s - 2 scrolls of noise {unknown}
Potions
 d - 6 potions of curing {@q1}
 f - a potion of heal wounds {@q2}
 h - a potion of haste {unknown}
 i - a potion of lignification {!q}
 k - a potion of might
 l - 2 potions of magic {unknown}
 m - 3 potions of resistance {unknown}
 n - 2 potions of brilliance {unknown}
Comestibles
 e - 4 rations {!d}


   Skills:
 - Level 2.0 Fighting
 + Level 3.6 Dodging
 * Level 5.8 Unarmed Combat
 + Level 3.0 Spellcasting
 + Level 5.1 Transmutations
 + Level 2.2 Poison Magic
 + Level 1.4 Invocations


You had 2 spell levels left.
You knew the following spells:

 Your Spells              Type           Power        Failure   Level  Hunger
a - Beastly Appendage     Tmut           ###...       10%         1    #......
c - Ice Form              Ice/Tmut       #.......     78%         4    #####..
s - Sticks to Snakes      Tmut           ###.....     12%         2    ##.....
x - Spider Form           Tmut/Pois      ##........   32%         3    ###....

Your spell library contained the following spells:

 Spells                   Type           Power        Failure   Level  Hunger
 Blade Hands              Tmut           ###.......   77%         5    ######.


Dungeon Overview and Level Annotations

Branches:
Dungeon (5/15)
 Temple: D:4-7

Altars:
Elyvilon
Okawaru
Zin

Annotations:
D:5 Ijyb


Message History

You start resting.
Your transformation has ended.
Your +0 robe unmelds from your body.
You start resting.
Your ball python withers and dies! x2
Your adder withers and dies!
You start resting.
a - 49 arrows (gained 22)
You see here an uncursed shortbow.
a - 51 arrows (gained 2)
j - 2 scrolls of remove curse {@r2} (gained 1)
You open the door.
There is an open door here.
Found an ichor-stained short sword.
You are feeling very hungry.
Found a stone staircase leading down.
t - an ichor-stained short sword You drop an ichor-stained short sword.
Found a stone staircase leading up.
Ijyb the Twisted Goblin comes into view.
Firing (i - inventory) No suitable missiles.
Aim: Ijyb, wearing a leather armour (resting)
Okay, then.
You eat one of the 5 rations {!d}.
That ration really hit the spot!
You create a snake!
You now have 50 arrows.
Casting: Sticks to Snakes (safe; 3% risk of failure)
You create a snake!
You now have 49 arrows.
Casting: Sticks to Snakes (safe; 3% risk of failure)
You create a snake!
You now have 48 arrows.
Casting: Sticks to Snakes (safe; 3% risk of failure)
You turn into a venomous arachnid creature.
Your +0 robe melds into your body.
Ijyb shouts!
You hear a shout! x2
Something shouts, "Go and return not, thou twisted earth-vexing bootlicker!"
Ijyb zaps a wand.
The bolt of acid hits you!
You are splashed with acid!
The acid burns!
* * * LOW HITPOINT WARNING * * *
It is a wand of acid (7).
A shadow imp comes into view.
The shadow imp shouts, "Slither home, thou skyhacking weevil-witted cross-patch!"
You hear a shout! x2
The shadow imp shouts, "Quit, thou odious flap-mouthed bootlicker!"
The shadow imp gestures at you.
Your ball python writhes in agony!
Your ball python dies!
Ijyb zaps a wand.
The bolt of acid hits you!
* * * LOW HITPOINT WARNING * * *
The acid corrodes you!
You are splashed with acid!
The acid burns!
You die...

#. ## .. .... #. ###
####...## #.##.##.# #.......
#.##..#.# ...<..#
#.###.#.###...5#.#
#####..........#.....#
#........#..##.#SS...#
#........#.s##.#.....+
#..........>...g.....###
#.....)...........#.....
#.............##......##
####+#.............##......#
.......#######.....++......+
.......# #.....##......#
.......# #.....##......#
.......# ########......#


You could see Ijyb.

Vanquished Creatures
  An ogre (D:4)
  A centaur (D:5)
  A howler monkey (D:4)
  A centaur zombie (D:4)
  2 orc wizards
  2 orc priests (D:3)
  A hound (D:4)
  A hound skeleton (D:4)
  5 adders
  A worm (D:2)
  A dart slug (D:2)
  3 leopard geckos
  9 orcs
  2 giant cockroaches (D:3)
  4 goblins
  4 hobgoblins
  7 jackals
  A quokka (D:4)
  A ball python (D:1)
  5 bats (D:1)
  3 frilled lizards
  3 kobolds
  A leopard gecko skeleton (D:4)
  4 rats
64 creatures vanquished.

Vanquished Creatures (collateral kills)
  2 adders
  3 orcs (D:3)
5 creatures vanquished.

Grand Total: 69 creatures vanquished

Notes
Turn   | Place    | Note
-------+----------+-------------------------------------------
     0 | D:1      | DrakeDragon the Merfolk Transmuter began the quest for the Orb.
     0 | D:1      | Reached XP level 1. HP: 15/15 MP: 3/3
     1 | D:1      | Noticed an electric eel
    51 | D:1      | Reached XP level 2. HP: 7/21 MP: 1/5
    55 | D:1      | Learned a level 2 spell: Sticks to Snakes
   918 | D:2      | Reached XP level 3. HP: 25/26 MP: 4/6
   936 | D:2      | Learned a level 3 spell: Spider Form
   971 | D:2      | Found an iron altar of Okawaru.
  1125 | D:2      | Became a worshipper of Warmaster Okawaru
  1496 | D:2      | Reached skill level 1 in Poison Magic
  1901 | D:2      | Reached XP level 4. HP: 30/32 MP: 3/7
  2738 | D:3      | Reached XP level 5. HP: 37/37 MP: 5/8
  2943 | D:3      | Found a white marble altar of Elyvilon.
  3475 | D:4      | Reached * piety under Okawaru
  3475 | D:4      | Reached skill level 5 in Unarmed Combat
  3475 | D:4      | Reached XP level 6. HP: 31/44 MP: 2/9
  3969 | D:4      | Reached skill level 1 in Invocations
  4209 | D:4      | Reached skill level 5 in Transmutations
  4263 | D:4      | Found a glowing silver altar of Zin.
  4337 | D:4      | Learned a level 4 spell: Ice Form
  4656 | D:5      | Entered Level 5 of the Dungeon
  4687 | D:5      | Reached XP level 7. HP: 43/50 MP: 2/11
  4822 | D:5      | Got an ichor-stained short sword
  4832 | D:5      | Noticed Ijyb
  4848 | D:5      | Splashed by Ijyb's acid

Skill      XL: |  1  2  3  4  5  6 |
---------------+-------------------+-----
Dodging        | 3 |  3.6
Transmutations | 3 4 5 |  5.1
Unarmed Combat | 4 5 |  5.8
Poison Magic   | 1 2 |  2.2
Fighting       | 2 |  2.0
Invocations    | 1 |  1.4
Spellcasting   | 3 |  3.0

Action                   |  1- 3 |  4- 6 |  7- 9 || total
-------------------------+-------+-------+-------++-------
Melee: Unarmed           |    93 |   125 |       ||   218
       Headbutt          |    10 |    14 |       ||    24
       Punch             |     1 |     1 |       ||     2
 Cast: Beastly Appendage |    22 |    13 |       ||    35
       Sticks to Snakes  |     4 |    14 |     3 ||    21
       Spider Form       |       |    13 |     1 ||    14
  Use: Scroll            |     6 |     1 |       ||     7
 Stab: Distracted        |       |     1 |       ||     1
  Eat: Chunk             |     3 |    12 |       ||    15
       Ration            |       |       |     1 ||     1
Armor: Robe              |    16 |     5 |       ||    21
       Skin              |       |     6 |       ||     6
Dodge: Dodged            |    68 |    74 |       ||   142
